 Dungeon Crawl Stone Soup version 0.28-a0-8-g6e044cfa68 (webtiles) character file.

Game seed: 16055030806961005812

42 Sin92 the Skirmisher (level 3, -4/29 HPs)
             Began as a Demonspawn Fighter on July 23, 2021.
             Killed by nerve-wracking pain
             ... invoked by Jessica
              (10 damage)
             ... on level 2 of the Dungeon.
             The game lasted 00:03:21 (1493 turns).

Sin92 the Skirmisher (Demonspawn Fighter)           Turns: 1493, Time: 00:03:22

Health: -4/29      AC:  6    Str: 17    XL:     3   Next: 35%
Magic:  3/3        EV:  7    Int:  9    God:
Gold:   52         SH:  9    Dex: 12    Spells: 2/2 levels left

rFire   . . .      SeeInvis .   a - +0 war axe
rCold   . . .      Faith    .   c - +0 kite shield
rNeg    . . .      Spirit   .   b - +0 scale mail
rPois   .          Reflect  .   (no helmet)
rElec   .          Harm     .   (no cloak)
rCorr   .          Rampage  .   (no gloves)
Will    .....                   (no boots)
Stlth   ..........              (no amulet)
HPRegen 0.09/turn               (no ring)
MPRegen 0.08/turn               (no ring)

@: slowed, very slow
A: demonic guardian 1
a: no special abilities


You were on level 2 of the Dungeon.
You visited 1 branch of the dungeon, and saw 2 of its levels.

You collected 52 gold pieces.

Inventory:

Hand Weapons
 a - a +0 war axe (weapon)
Armour
 b - a +0 scale mail (worn)
 c - a +0 kite shield (worn)
Scrolls
 e - a scroll of acquirement {unknown}
 h - a scroll of identify {unknown}
Potions
 d - a potion of might
 g - a potion of mutation {unknown}
 i - a potion of curing {unknown}


   Skills:
 + Level 3.2 Fighting
 * Level 2.4 Axes
 + Level 2.9 Armour
 + Level 1.0 Dodging
 + Level 3.0 Shields


You had 2 spell levels left.
You didn't know any spells.
Your spell library was empty.

Dungeon Overview and Level Annotations

Branches:
Dungeon (2/15)

Altars:

Annotations:
D:2 Jessica


Innate Abilities, Weirdness & Mutations

A weak demonic guardian rushes to your aid.


Message History

You hit the endoplasm.
The endoplasm is severely wounded.
Jessica casts a spell at you.
You feel yourself slow down. The endoplasm freezes you.
You are frozen.
There are monsters nearby!
You are too injured to fight recklessly!
Unknown command.
Unknown command.
There are monsters nearby!
You are too injured to fight recklessly!
There are monsters nearby!
You are too injured to fight recklessly!
Unknown command.
There are monsters nearby!
You are too injured to fight recklessly!
You slash the endoplasm!
You kill the endoplasm!
Jessica barely misses you. You block Jessica's attack.
Your Dodging skill increases to level 1!
It was a potion of magic.
Magic courses through your body. You block Jessica's attack. x2
You barely miss Jessica. Jessica hits you but does no damage.
Jessica closely misses you.
You slash Jessica!
Jessica is almost dead.
Jessica casts a spell.
Jessica blinks!
Jessica casts a spell at you. Pain shoots through your body!
* * * LOW HITPOINT WARNING * * *
Jessica hits you with a +0 club.
* * * LOW HITPOINT WARNING * * *
A demonic guardian appears!
Jessica completely misses you.
Your shield and scale mail prevent you from hitting Jessica.
Jessica is almost dead.
Jessica casts a spell at you. Pain shoots through your body!
You die...

###.# #.... #.#.#
#.#.#.# #.#.#.#.#.#
#.#.#.#.#.# #.#.#.5.#.#
# #...@@....# ..
............#.#
.####.###.....# ###
#.......#.#......#..
#..####.#.#......#..
#.....#.#.#......#..
#####.##.#.#.#......#..
#........#.#........#.#
#.###.#..#....#.....#.#


You could see Jessica (ally target) and a friendly ufetubus (summoned).

Vanquished Creatures
  An adder (D:2)
  A worm (D:2)
  2 endoplasms
  2 giant cockroaches (D:1)
  4 goblins
  2 jackals (D:2)
  A kobold (D:2)
  A quokka (D:2)
  6 ball pythons
  3 bats (D:1)
  4 frilled lizards (D:1)
  2 rats
29 creatures vanquished.

Vanquished Creatures (collateral kills)
  A worm (D:2)
1 creature vanquished.

Grand Total: 30 creatures vanquished

Notes
Turn   | Place    | Note
-------+----------+-------------------------------------------
     0 | D:1      | Sin92 the Demonspawn Fighter began the quest for the Orb.
     0 | D:1      | Reached XP level 1. HP: 18/18 MP: 1/1
   287 | D:1      | Gained mutation: A weak demonic guardian rushes to your
                  | aid. [demonic ancestry]
   287 | D:1      | Reached XP level 2. HP: 24/24 MP: 2/2
   652 | D:2      | Found a faded altar of an unknown god.
   960 | D:2      | Reached XP level 3. HP: 18/29 MP: 3/3
  1483 | D:2      | Noticed Jessica
  1488 | D:2      | Reached skill level 1 in Dodging
  1493 | D:2      | Killed from afar by Jessica

Illustrated notes

Levels and vault maps discovered:
D:1:      ncdulo_lavacross, layout_basic
D:2:      layout_basic, shapermc_ecumenical_altar_starsandcircs, uniq_jessica

Skill      XL: |  1  2  3 |
---------------+----------+-----
Axes           | 2 |  2.4
Shields        | 3 |  3.0
Dodging        | 1 |  1.0
Fighting       | |  3.2
Armour         | |  2.9

Action                   || total
-------------------------++-------
Melee: War axe           ||    99
  Use: Potion            ||     1
Armor: Scale mail        ||    59
Dodge: Dodged            ||    33
Block: Kite shield       ||    54

Table legend: (Time is in decaauts)
 A = Elapsed time spent in this place.
 B = Non-inter-level travel time spent in this place.
 C = Inter-level travel time spent in this place.
 D = Time resting spent in this place.
 E = Time spent auto-exploring this place.
 F = Levels seen in this place.
 G = Mean time per level.
                   A        B        C        D        E       F      G
               +--------+--------+--------+--------+--------+-----+--------+
         Total |   1559 |   1542 |     17 |      0 |   1287 |   2 |  779.5 |
       Dungeon |   1559 |   1542 |     17 |      0 |   1287 |   2 |  779.5 |
               +--------+--------+--------+--------+--------+-----+--------+

Top non-repeatable levels by time:
     D:2: 882 daAuts
     D:1: 677 daAuts
